 Dungeon Crawl Stone Soup version 0.23-a0-303-gfcac5de (webtiles) character file.

322 Ijustatesigmund the Conjurer (level 6, -2/36 HPs)
             Began as an Octopode Wizard on Oct 8, 2018.
             Slain by iamserjio's ghost (4 damage)
             ... on level 4 of the Dungeon.
             The game lasted 00:10:45 (4585 turns).

Ijustatesigmund the Conjurer (Octopode Wizard)      Turns: 4585, Time: 00:10:46

Health: -2/36      AC:  3    Str:  6    XL:     6   Next: 47%
Magic:  5/19       EV: 13    Int: 21    God:
Gold:   154        SH:  0    Dex: 14    Spells: 5/11 levels left

rFire    . . .     SeeInvis .   e - +1 mace
rCold    . . .     Gourm    .   (no shield)
rNeg     . . .     Faith    .   a - +0 hat
rPois    .         Spirit   .   (no amulet)
rElec    .         Reflect  .   j - ring of magical power
rCorr    .         Harm     .   (no ring)
MR       .....     Rnd*Tele +   (no ring)
Stlth    +++.......             (no ring)
HPRegen  0.12/turn              (no ring)
MPRegen  0.16/turn              (no ring)
                                (no ring)
                                (no ring)

@: no status effects
A: almost no armour, stealthy swim, amphibious, 8 rings, constrict 8, slimy
green scales 1, camouflage 1, agile 1, screaming 1, teleportitis 1, gelatinous
body 1
a: no special abilities


You were on level 4 of the Dungeon.
You were not hungry.

You visited 1 branch of the dungeon, and saw 4 of its levels.

You collected 154 gold pieces.

Inventory:

Hand Weapons
 e - a +1 mace (weapon)
Armour
 a - a +0 hat (worn)
Jewellery
 j - a ring of magical power (left tentacle)
Scrolls
 b - a scroll of remove curse
 g - a scroll of identify
 h - a scroll of immolation
Potions
 d - 3 potions of curing
 f - a potion of cancellation
Comestibles
 c - a ration
 i - 3 chunks of flesh


   Skills:
 - Level 2.0 Dodging
 - Level 2.6 Stealth
 - Level 3.0 Spellcasting
 + Level 4.3 Conjurations
   Level 1.0 Summonings
 - Level 2.9 Translocations
 + Level 2.1 Air Magic
 + Level 2.7 Poison Magic


You had 5 spell levels left.
You knew the following spells:

 Your Spells              Type           Power        Failure   Level  Hunger
a - Magic Dart            Conj           ###.         2%          1    None
b - Blink                 Tloc           N/A          6%          2    ##.....
c - Mephitic Cloud        Conj/Pois/Air  ###.....     11%         3    ###....

Your spell library contained the following spells:

 Spells                   Type           Power        Failure   Level  Hunger
 Call Imp                 Summ           #.......     13%         2    ##.....
 Conjure Flame            Conj/Fire      ##......     16%         3    ###....
 Slow                     Hex            #.......     21%         2    ##.....


Dungeon Overview and Level Annotations

Branches:
Dungeon (4/15)
 Temple: D:4-7

Altars:
Cheibriados
Dithmenos
Kikubaaqudgha
Uskayaw

Shops:
D:4 %

Annotations:
D:4 iamserjio's ghost, amateur GrBe


Innate Abilities, Weirdness & Mutations

You cannot wear most types of armour.
You are very stealthy in the water. (Stealth+)
You are amphibious.
You can wear up to eight rings at the same time.
You can use your tentacles to constrict eight enemies at once.
Your skin changes colour to match your surroundings (Stealth+).
Your rubbery body absorbs attacks. (AC +1, EV +1)
You are partially covered in slimy green scales. (AC +2)
You are agile. (Dex +2)
You occasionally shout uncontrollably at your foes.
You are occasionally teleported next to monsters.


Message History

Iamserjio's ghost hits you!
* * * LOW HITPOINT WARNING * * *
Casting: Magic Dart (safe; 2% risk of failure)
Confirm with . or Enter, or press ? or * to list all spells.
Aiming: Magic Dart (safe; 2% risk of failure)
Press: ? - help, Shift-Dir - straight line, f/p - iamserjio's ghost
Aim: iamserjio's ghost (lightly damaged)
The magic dart hits iamserjio's ghost.
Iamserjio's ghost is lightly damaged.
Iamserjio's ghost hits you.
* * * LOW HITPOINT WARNING * * *
Casting: Magic Dart (safe; 2% risk of failure)
Confirm with . or Enter, or press ? or * to list all spells.
You blink.
Casting: Blink (safe; 6% risk of failure)
Confirm with . or Enter, or press ? or * to list all spells.
You blink.
Iamserjio's ghost boasts, "I have defeated monsters you have never seen."
Iamserjio's ghost hits you.
You die...

# ##.######.# #.≈≈≈..# ## ### #.#
#≈≈≈≈≈.###### .##
#.####≈≈.≈≈.....s† .)#########
#...##w≈≈≈≈.###### ........#≈#
#...###≈≈≈#.######
..#####.#(##.###...####_##.......
)## #.#≈##[.........## ########
## #.#≈######...####
#.#≈##....@W.# #.#≈##.###<..#
#.#'#..# ##### #......#
######.##### #####
#.....#######...##
#####>...........#
########.....#### #........#


You could see iamserjio's ghost.

Vanquished Creatures
  Blork the orc (D:4)
  A hound (D:4)
  An iguana (D:2)
  2 worker ants
  8 adders
  6 worms
  2 dart slugs
  A leopard gecko (D:2)
  2 orcs (D:4)
  6 giant cockroaches
  6 goblins
  2 hobgoblins
  2 quokkas (D:3)
  5 bats
  11 frilled lizards
  11 kobolds
  8 rats
75 creatures vanquished.

Notes
Turn   | Place    | Note
-------+----------+-------------------------------------------
     0 | D:1      | Ijustatesigmund the Octopode Wizard began the quest for the
                  | Orb.
     0 | D:1      | Reached XP level 1. HP: 11/11 MP: 4/4
   255 | D:1      | Reached skill level 2 in Conjurations
   255 | D:1      | Reached XP level 2. HP: 17/17 MP: 0/6
   259 | D:1      | Learned a level 2 spell: Blink
   949 | D:1      | Reached XP level 3. HP: 21/21 MP: 4/7
   954 | D:1      | Learned a level 3 spell: Mephitic Cloud
  1722 | D:2      | Gained mutation: You are occasionally teleported next to
                  | monsters. [potion of mutation]
  1722 | D:2      | Gained mutation: You occasionally shout uncontrollably at
                  | your foes. [potion of mutation]
  1722 | D:2      | Gained mutation: You are partially covered in slimy green
                  | scales. (AC +2) [potion of mutation]
  1722 | D:2      | Gained mutation: You are agile. (Dex +2) [potion of
                  | mutation]
  1732 | D:2      | Reached skill level 3 in Conjurations
  1732 | D:2      | Reached XP level 4. HP: 6/27 MP: 0/8
  2908 | D:3      | Reached XP level 5. HP: 12/31 MP: 1/9
  3837 | D:3      | Reached skill level 1 in Poison Magic
  4033 | D:3      | Reached skill level 1 in Air Magic
  4240 | D:4      | Found a runed door.
  4243 | D:4      | Noticed iamserjio's ghost (amateur GrBe)
  4294 | D:4      | Found Tuce Dit's Food Boutique.
  4314 | D:4      | Reached skill level 4 in Conjurations
  4343 | D:4      | Found a hide-covered altar of Uskayaw.
  4344 | D:4      | Noticed a dagger
  4344 | D:4      | Noticed a dagger
  4352 | D:4      | Found a snail-covered altar of Cheibriados.
  4412 | D:4      | Reached XP level 6. HP: 7/36 MP: 7/10
  4439 | D:4      | Noticed Blork the orc
  4452 | D:4      | Killed Blork the orc
  4486 | D:4      | Found a shadowy altar of Dithmenos.
  4486 | D:4      | Found an ancient bone altar of Kikubaaqudgha.
  4580 | D:4      | HP: 1/36 [iamserjio's ghost (5)]
  4585 | D:4      | Slain by iamserjio's ghost

Vault maps used:
D:1:      dpeg_arrival_brainrot
D:2:      minmay_lizard_pond
D:4:      dancing_weapons_uskayaw, tso_altar, kennysheep_slug_shrine,
          gammafunk_temple_overflow_statue, serial_shops, shop,
          portal_sewer_entry_d, ebering_ghost_sewer_d, first_ration,
          uniq_blork_the_orc

Skill      XL: |  1  2  3  4  5  6 |
---------------+-------------------+-----
Conjurations   | 2 3 4 |  4.3
Translocations | 2 |  2.9
Poison Magic   | 2 |  2.7
Air Magic      | 1 2 |  2.1
Dodging        | |  2.0
Stealth        | |  2.6
Spellcasting   | |  3.0
Summonings     | |  1.0

Action                   |  1- 3 |  4- 6 || total
-------------------------+-------+-------++-------
Melee: Unarmed           |     7 |       ||     7
       Constrict         |     8 |     9 ||    17
       Tentacles         |     2 |     3 ||     5
       Whip              |     6 |       ||     6
       Mace              |    14 |    23 ||    37
 Cast: Magic Dart        |    82 |   129 ||   211
       Blink             |       |     8 ||     8
       Mephitic Cloud    |       |     7 ||     7
  Use: Scroll            |     4 |     2 ||     6
       Potion            |     3 |       ||     3
  Eat: Chunk             |     2 |     7 ||     9
       Ration            |       |     1 ||     1
Armor: Skin              |     2 |    11 ||    13
Dodge: Dodged            |    40 |    38 ||    78

Table legend:
 A = Non-vault XP
 B = Vault XP
 C = Vault XP percentage of total XP
 D = Non-vault monster count
 E = Vault monster count
 F = Vault count percentage of total count
                 A         B        C        D         E       F
            +---------+---------+-------+---------+---------+-------
      Total |     334 |     127 |  27.5 |      63 |      12 |  16.0
            +---------+---------+-------+---------+---------+-------
        D:1 |      34 |       5 |  12.8 |      23 |       1 |   4.2
        D:2 |     110 |       9 |   7.6 |      15 |       9 |  37.5
        D:3 |     117 |       0 |   0.0 |      20 |       0 |   0.0
        D:4 |      73 |     113 |  60.8 |       5 |       2 |  28.6
            +---------+---------+-------+---------+---------+-------
